 Dungeon Crawl Stone Soup version 0.25.0-1-g7eea58d2a3 (webtiles) character file.

Game seed: 7967593340762707890

102 Delamore the Chopper (level 4, 0/39 HPs)
             Began as a Hill Orc Monk on June 14, 2020.
             Was a Believer of Okawaru.
             Succumbed to an adder's poison
             ... on level 3 of the Dungeon.
             The game lasted 00:02:15 (2965 turns).

Delamore the Chopper (Hill Orc Monk)                Turns: 2965, Time: 00:02:15

Health: 0/39       AC:  2    Str: 14    XL:     4   Next: 78%
Magic:  4/4        EV:  9    Int: 10    God:    Okawaru [**....]
Gold:   95         SH:  0    Dex: 13    Spells: 3/3 levels left

rFire    . . .     SeeInvis .   a - +0 hand axe
rCold    . . .     Gourm    .   (no shield)
rNeg     . . .     Faith    .   b - +0 robe
rPois    .         Spirit   .   (no helmet)
rElec    .         Reflect  .   (no cloak)
rCorr    .         Harm     .   (no gloves)
MR       .....                  (no boots)
Stlth    ++........             (no amulet)
HPRegen  0.13/turn              j - -4 ring of evasion
MPRegen  0.09/turn              (no ring)

@: lethally poisoned (0 -> -9)
A: no striking features
a: Heroism, Renounce Religion


You were on level 3 of the Dungeon.
You worshipped Okawaru.
Okawaru was pleased with you.
You were very hungry.

You visited 1 branch of the dungeon, and saw 3 of its levels.

You collected 95 gold pieces.

Inventory:

Hand Weapons
 a - a +0 hand axe (weapon)
Armour
 b - a +0 robe (worn)
Jewellery
 f - a cursed amulet of inaccuracy {unknown}
 j - a -4 ring of evasion (left hand)
Wands
 g - a wand of clouds (1)
Scrolls
 d - 2 scrolls of fear
 e - 4 scrolls of remove curse
 h - 2 scrolls of identify
 i - 2 scrolls of magic mapping
 k - a scroll of fog {unknown}
 l - a scroll of immolation {unknown}
 m - a scroll of teleportation {unknown}
Comestibles
 c - 2 rations


   Skills:
 - Level 3.6 Fighting
 + Level 7.1 Axes
 - Level 2.4 Dodging
 - Level 1.5 Stealth


You had 3 spell levels left.
You didn't know any spells.
Your spell library was empty.

Dungeon Overview and Level Annotations

Branches:
Dungeon (3/15)

Altars:
Okawaru


Message History

You aren't carrying any potions.
* * * LOW HITPOINT WARNING * * *
You feel sick.
* * * LOW HITPOINT WARNING * * *
You feel sick. The adder bites you.
* * * LOW HITPOINT WARNING * * *
You closely miss the adder.
The adder is heavily wounded.
* * * LOW HITPOINT WARNING * * *
You feel sick. The adder closely misses you.
You barely miss the adder.
The adder is heavily wounded.
The adder bites you.
* * * LOW HITPOINT WARNING * * *
You are more poisoned.
The adder poisons you!
Okay, then.
You barely miss the adder.
The adder is heavily wounded.
You die...

##...#.$. .....$...
##........ <........
#.)..# .. #..# ... # #..#
.... #.##S.#....#
#...@...# . ..#
#######..#...## #..#
#.............# #..#
#..###.####.#.# #..# #..#
#.# #.#.# #..# #..###.#
#.#.# #..###...##.## #.#.#
#####........<...###.#.#
#......#.......#.....#.###


You could see an adder.

Vanquished Creatures
  4 adders (D:2)
  2 worms (D:2)
  3 dart slugs
  2 leopard geckos (D:1)
  An orc (D:3)
  5 giant cockroaches
  6 goblins
  7 hobgoblins
  2 jackals (D:1)
  A quokka (D:2)
  2 bats
  5 frilled lizards
  3 kobolds
  8 rats
51 creatures vanquished.

Notes
Turn   | Place    | Note
-------+----------+-------------------------------------------
     0 | D:1      | Delamore the Hill Orc Monk began the quest for the Orb.
     0 | D:1      | Reached XP level 1. HP: 19/19 MP: 1/1
     2 | D:1      | Noticed an octopode
     2 | D:1      | Noticed a human
     4 | D:1      | Noticed an elf
     4 | D:1      | Noticed a dwarf
     6 | D:1      | Noticed a felid
     6 | D:1      | Noticed a tengu
     8 | D:1      | Noticed a draconian
     8 | D:1      | Noticed a ghoul
    10 | D:1      | Noticed a minotaur
    12 | D:1      | Noticed a troll
    12 | D:1      | Noticed a spriggan
    14 | D:1      | Noticed a naga
    14 | D:1      | Noticed a vine stalker
    16 | D:1      | Noticed a merfolk
    19 | D:1      | Noticed an ogre
    19 | D:1      | Noticed a demonspawn
    21 | D:1      | Noticed a vampire
    23 | D:1      | Noticed a centaur
    23 | D:1      | Noticed a halfling
    25 | D:1      | Noticed a demigod
    27 | D:1      | Noticed a gargoyle
    27 | D:1      | Noticed a formicid
   257 | D:1      | Reached XP level 2. HP: 25/26 MP: 2/2
   518 | D:1      | Reached skill level 5 in Axes
  1005 | D:1      | Reached XP level 3. HP: 14/31 MP: 3/3
  1686 | D:2      | Reached skill level 6 in Axes
  1859 | D:2      | Reached XP level 4. HP: 27/39 MP: 4/4
  1889 | D:2      | Found a faded altar of an unknown god.
  1892 | D:2      | Became a worshipper of Warmaster Okawaru
  1892 | D:2      | Reached * piety under Okawaru
  1892 | D:2      | Reached ** piety under Okawaru
  2718 | D:3      | Reached skill level 7 in Axes
  2964 | D:3      | HP: 1/39 [adder (5)]
  2965 | D:3      | Succumbed to an adder's poison

Illustrated notes

Levels and vault maps discovered:
D:1:      kb_arrival_jail, layout_loops_ring
D:2:      layout_rooms, chequers_ecumenical_altar_grove
D:3:      minmay_chambers_of_threes, layout_loops_ring, cheibrodos_gnoll_hut

Skill      XL: |  1  2  3  4 |
---------------+-------------+-----
Axes           | 5 6 7 |  7.1
Fighting       | |  3.6
Dodging        | |  2.4
Stealth        | |  1.5

Action                   |  1- 3 |  4- 6 || total
-------------------------+-------+-------++-------
Melee: Hand axe          |   113 |    67 ||   180
  Use: Scroll            |     4 |       ||     4
       Potion            |       |     1 ||     1
 Stab: Sleeping          |     4 |     3 ||     7
  Eat: Chunk             |     3 |     2 ||     5
Armor: Robe              |    16 |    10 ||    26
Dodge: Dodged            |    53 |    26 ||    79
